Unix NetHack Version 5.0.0-0 post-release - last build Jun 10 2026 00:39:30 (3ee93aec679c4c4259841fe613dc97188e26a321,branch:main).

Game began 2026-06-20 13:44:42, ended 2026-06-20 14:06:18.

DaveT, lawful male human Priest

      ----                --             ---                              ----
      |..|                .|            --.---                            |..--
      |..|                .|            |....|              ---           |...|
      |..------         -^.|            |...--             --.---         --..|
     --.......-- -------...|         ---|.--- -----       --....--         |.--
  ---|..----...---.r.r@r.|   --     --..|.|  --.|.---     |......|         |.|
 --..|%.----..(..o...-----   |..  ---...|.----......|     |......--     ---|.|
--.......|...---..----      --......................-------.......|   ---.--.|
|.......-|...----..|        |.. -----.............................-----...*..|
--......|---...|--.|       --..     --...^.-.........-----........).))).)...--
 |......|  ---.| |.----    .....-    --.....--...............###-[----.^.<..|
 ----.---    |.| |....|  ---.....--   |..--.|---............##       --.....|
    ---      |.---....|  |.........| --...|.|  --.--........#         |..----
             |.......#%***.........---....|.--  -----.--.-#.##        ----
          ---|--......-- ---........|........|      -----##..##
       ----.--......)>.|    -........-.......|            ##..##-
       |..............--     -...............---           #....|
       |.........---...|     --..........---...|           #....|
       |..|.-#..-- --..|      -------.|..| |...|           --.---
       ----------   ----            ------ |..--            ---
                                           ----
DaveT the Adept              St:11 Dx:11 Co:15 In:14 Wi:18 Ch:9  Lawful
Dlvl:5  $:0  HP:0(50) Pw:93(98) AC:-1 Xp:6 T:5096  Fainted  Burdened Deaf

Latest messages:
 You kill the hill orc!
 There is a sewer rat corpse here; eat it? [ynq] (n) y
 This sewer rat corpse is gamey.
 The wererat bites!
 You finish eating the sewer rat corpse.
 You miss the wererat.
 The wererat changes into a human.
 The wererat summons help!
 A rabid rat suddenly appears next to you!
 A sewer rat suddenly appears close by!
 A sewer rat suddenly appears close by!
 The wererat misses!
 You miss the wererat.
 The rabid rat misses!
 The wererat hits!
 You miss the wererat.
 The rabid rat misses!
 The wererat changes into a rat.
 The wererat misses!
 The rabid rat misses!
 The wererat bites!
 The wererat changes into a human.
 In what direction? .
 You feel better.
 The rabid rat misses!
 The wererat hits!
 You are too hungry to cast that spell.
 Are you waiting to get hit?  Use 'm' prefix to force a no-op (to rest).
 You miss the rabid rat.
 The rabid rat misses!
 The wererat misses!
 You hit the rabid rat.
 The rabid rat bites!
 The wererat hits!
 You faint from lack of food.
 The rabid rat bites!
 The wererat changes into a rat.
 The wererat bites!
 The rabid rat bites!
 The wererat summons help!
 A sewer rat suddenly appears close by!
 The wererat bites!
 The rabid rat misses!
 The wererat misses!
 The rabid rat misses!
 The wererat bites!
 You die...
 Do you want your possessions identified? [ynq] (y) y
 Do you want to see your attributes? [ynq] (y) y
 Do you want an account of creatures vanquished? [ynaq] (y) q

Inventory:
 Weapons  (')')
  q - 2 +0 darts (at the ready)
  t - a +0 dart
  l - a blessed +0 dagger (weapon in right hand)
  K - a +0 aklys
 Armor    ('[')
  H - a +0 pair of leather gloves (being worn)
  c - a +1 small shield (being worn)
  b - a blessed burnt +0 robe (being worn)
  C - a +0 Hawaiian shirt with a toucan motif (being worn)
  n - a +0 plate mail (being worn)
 Comestibles  ('%')
  e - a clove of garlic
  f - a sprig of wolfsbane
 Scrolls  ('?')
  r - a scroll of light
 Potions  ('!')
  k - a cursed potion of gain ability
  o - a potion of monster detection
 Rings    ('=')
  v - a blessed +2 ring of increase accuracy
  Y - a ring of levitation
  w - a ring of searching
 Wands    ('/')
  W - a wand of striking (0:5)
  h - a wand of striking (0:1)
 Tools    ('(')
  Q - a blessed bag of holding containing 13 items
  i - a magic flute (0:4)
  j - a magic marker (0:73)
  m - a +0 pick-axe
  p - a skeleton key
  s - a cursed skeleton key

Contents of the bag of holding:
  626 gold pieces
  18 +0 arrows
  a +0 orcish dagger
  a cram ration
  a food ration
  2 blessed scrolls of blank paper
  2 scrolls of blank paper
  2 potions of healing
  3 potions of holy water
  a potion of water
  an oil lamp
  2 garnet stones
  2 worthless pieces of yellow glass

DaveT the Priest's attributes:

Background:
 You were an Adept, a level 6 human Priest.
 You were lawful, on a mission for Amaterasu Omikami
 who was opposed by Raijin (neutral) and Susanowo (chaotic).
 You were right-handed.
 You were in the Gnomish Mines, on level 5.
 You entered the dungeon 5096 turns ago.
 You had 522 experience points, 118 more were needed to attain level 7.

Basics:
 You had 0 out of 50 hit points.
 You had 93 out of 98 energy points (spell power).
 Your armor class was -1.
 Your wallet was empty, but
 you had 626 zorkmids stashed away in your pack.
 Autopickup was off.

Final Characteristics:
 Your strength was 11 (base:12, limit:18/100).
 Your dexterity was 11 (limit:18).
 Your constitution was 15 (limit:18).
 Your intelligence was 14 (limit:18).
 Your wisdom was 18 (limit:18).
 Your charisma was 9 (limit:18).

Final Status:
 You were deaf.
 You were fainted due to starvation.
 You were burdened; movement was slightly slowed.
 You were wielding a dagger.
 You had no skill with dagger.

Final Attributes:
 You were piously aligned.
 You could recognize detrimental food.
 You were telepathic.
 You were guarded.
 Your spell casting was impaired by metallic armor, mitigated by your robe.
 You are dead.

Miscellaneous:
 You didn't encounter any bones levels.
 Total elapsed playing time was 21 minutes and 35 seconds.

Major events:
 Turn
    1: DaveT the lawful human Priest entered the dungeon
 2063: attained the rank of Acolyte (level 3)
 2636: entered the Gnomish Mines
 3320: performed his first genocide (class L)
 4500: attained the rank of Adept (level 6)
 5096: killed by a wererat, while fainted from lack of food

Spells:
 Name                 Level Category     Fail Retention
 healing                1   healing       13%   51%-75%
 detect food            2   divination    80%   51%-75%
 confuse monster        1   enchantment   31%  76%-100%
 light                  1   clerical      31%   81%-90%

Skills:
 Fighting Skills
   bare handed combat [Unskilled]
 Weapon Skills
   club               [Unskilled]
   mace               [Basic]
   morning star       [Unskilled]
   flail              [Unskilled]
   hammer             [Unskilled]
   quarterstaff       [Unskilled]
   polearms           [Unskilled]
   spear              [Unskilled]
   trident            [Unskilled]
   lance              [Unskilled]
   bow                [Unskilled]
   sling              [Unskilled]
   crossbow           [Unskilled]
   dart               [Unskilled]
   shuriken           [Unskilled]
   boomerang          [Unskilled]
   unicorn horn       [Unskilled]
 Spellcasting Skills
   healing spells     [Unskilled]
   divination spells  [Unskilled]
   clerical spells    [Basic]

Voluntary challenges:
 Character rerolling was not enabled.
 You genocided 4 types of monsters.
 You never polymorphed an object.
 You never changed form.
 You used no wishes.
Achievements:
 You attained the rank of Acolyte.
 You entered a shop.
 You entered the Gnomish Mines.
 You attained the rank of Adept.

 The Dungeons of Doom: levels 1 to 7
    Level 1:
       A fountain.
    Level 2:
       Some fountains.
    Level 3:
       A general store, a fountain.
    Level 4:
       Some fountains.
       Stairs down to The Gnomish Mines.
    Level 5:
    Level 6:
       Many fountains.
    Level 7:
 The Gnomish Mines: levels 5 to 6
    Level 5: <- You were here.
       Final resting place for
          you, killed by a wererat, while fainted from lack of food.
    Level 6:


Vanquished creatures:
  a leprechaun
 an imp
 an orc shaman
  a rock mole
  4 yellow lights
  a gnome leader
  a gnomish wizard
  a ghoul
  a straw golem
  a paper golem
  a giant ant
  a little dog
  4 floating eyes
  2 dwarves
  a homunculus
  2 kobold leaders
  2 hill orcs
  2 monkeys
  4 orc zombies
  a werejackal
 an acid blob
  a hobbit
  a large kobold
  a hobgoblin
  a giant rat
  a yellow mold
  a green mold
  a red mold
  8 gnomes
  5 geckos
  9 jackals
  a goblin
  4 sewer rats
  4 grid bugs
  a bat
  5 lichens
  a kobold zombie
  6 newts
85 creatures vanquished.

Genocided species:
 arch-liches
 master liches
 demiliches
 liches
4 species genocided.

Game over:
                       ----------
                      /          \
                     /    REST    \
                    /      IN      \
                   /     PEACE      \
                  /                  \
                  |      DaveT       |
                  |      626 Au      |
                  |   killed by a    |
                  |     wererat      |
                  |                  |
                  |                  |
                  |       2026       |
                 *|     *  *  *      | *
        _________)/\\_//(\/(/\)/\//\/|_)_______

Goodbye DaveT the Priest...

You died in The Gnomish Mines on dungeon level 5 with 3082 points,
and 626 pieces of gold, after 5096 moves.
You were level 6 with a maximum of 50 hit points when you died.

